 Dungeon Sprint DCSS version 0.20.1-1-g8b1a95d (webtiles) character file.

8136 Fang the Severer (level 11, -1/81 HPs)
             Began as a Gargoyle Berserker on Oct 19, 2018.
             Was the Champion of Trog.
             Slain by an alligator snapping turtle (9 damage)
             ... in the Dungeon (Sprint VII: "The Pits").
             The game lasted 00:03:44 (1988 turns).

Fang the Severer (Gargoyle Berserker)               Turns: 1988, Time: 00:03:45

Health: -1/81      AC: 23    Str: 23    XL:     11   Next: 26%
Magic:  11/11      EV: 11    Int: 12    God:    Trog [******]
Gold:   0          SH:  0    Dex: 12    Spells: 10/10 levels left

rFire    . . .     SeeInvis .   v - +5 war axe (freeze)
rCold    . . .     Gourm    .   (no shield)
rNeg     + . .     Faith    .   q - +3 chain mail
rPois    ∞         Spirit   .   (no helmet)
rElec    +         Reflect  .   (no cloak)
rCorr    .         Harm     .   (no gloves)
MR       .....     NoTele   +   (no boots)
Stlth    ..........             (no amulet)
Regen    0.3/turn               r - +3 ring of intelligence
MPRegen  0.2/turn               t - +3 ring of dexterity

@: berserk cooldown, slowed, very slow
A: negative energy resistance 1, electricity resistance, unbreathing,
petrification resistance, rot immunity, AC +7
a: Berserk, Trog's Hand, Brothers in Arms, Burn Spellbooks, Renounce Religion


You were in the Dungeon.
You worshipped Trog.
Trog was exalted by your worship.
You were near starving.

You visited 1 branch

Inventory:

Hand Weapons
 j - a +2 hand axe of electrocution
 u - a +1 broad axe of chopping
 v - a +5 war axe of freezing (weapon)
Armour
 q - a +3 chain mail (worn)
Jewellery
 r - a +3 ring of intelligence (left hand)
 t - a +3 ring of dexterity (right hand)
Wands
 b - a wand of paralysis (8/24)
Scrolls
 i - a scroll of blinking
 k - 3 scrolls of remove curse
 l - a scroll of summoning
Potions
 a - 2 potions of invisibility
 d - 8 potions of curing
 e - 8 potions of heal wounds
 f - 3 potions of haste
 g - 4 potions of magic
 h - 5 potions of berserk rage
 s - a potion of might
Comestibles
 c - 7 bread rations
 m - 37 fruits
 n - 7 meat rations


   Skills:
 + Level 15.1 Fighting
 + Level 15.9 Axes
 + Level 13.3 Armour
 + Level 6.4 Dodging
 + Level 3.9 Stealth


You had 10 spell levels left.
You didn't know any spells.

Dungeon Overview and Level Annotations

Branches:
Dungeon (1/1)

Altars:
Ashenzari
Cheibriados
Dithmenos
Elyvilon
Fedhas
Gozag
Hepliaklqana
Kikubaaqudgha
Makhleb
Nemelex Xobeh
Okawaru
Qazlal
Ru
Sif Muna
Trog
Uskayaw
Vehumet
Xom
Yredelemnul
Zin
The Shining One
Beogh
Jiyva
Lugonu


Innate Abilities, Weirdness & Mutations

You are resistant to torment.
Your stone body is resilient. (AC +7)
You are immune to poison.
You resist negative energy. (rN+)
You are resistant to electric shocks. (rElec)
You can survive without breathing.
You are immune to petrification.
You are immune to rotting.


Message History

You kill the hell hound!
Trog accepts your kill. Something appears at your feet! Trog grants you a gift!
You slice the skeletal warrior!! You freeze the skeletal warrior.
The alligator snapping turtle completely misses you.
The skeletal warrior hits you but does no damage.
You slash the skeletal warrior! You freeze the skeletal warrior.
You destroy the skeletal warrior!
Trog accepts your kill.
Your Fighting skill increases to level 15!
You slice the skeletal warrior!! You freeze the skeletal warrior.
Unknown command.
You are no longer berserk.
You are exhausted.
You feel yourself slow down.
The skeletal warrior hits you with a short sword.
* * * LOW HITPOINT WARNING * * *
The alligator snapping turtle bites you from afar!
You die...

#### ##########
##########
..'..'...###........
..'..')....##......
.##..##.....##....#
##....###....#....#
........###.###t.#
..#..#...#....#).#
.........'....()@+
..#..#...#....#sz#
........###.###..#
##....###....#....#
.##..##)....##..f.#
.)'..'.[...##......
.(').'...###........
##########
##########


You could see an alligator snapping turtle, a skeletal warrior, a wandering
mushroom and a redback.

Vanquished Creatures
  Josephine (D)
  A hydra (D)
  2 skeletal warriors (D)
  Pikel (D)
  A deep elf mage (D)
  2 molten gargoyles (D)
  A komodo dragon (D)
  A guardian mummy (D)
  A jumping spider (D)
  4 dream sheep (D)
  2 spriggans (D)
  A ynoxinul (D)
  3 wraiths (D)
  A basilisk (D)
  A fire elemental (D)
  2 acid dragons (D)
  5 hell hounds (D)
  A porcupine (D)
  A floating eye (D)
  A slave (D)
  4 wolves (D)
  A centaur (D)
  A gnoll sergeant (D)
  A crimson imp (D)
  A quasit (D)
  An iguana (D)
  3 worker ants (D)
  2 mummies (D)
  3 gnolls (D)
  An adder (D)
  An adder zombie (D)
  A leopard gecko (D)
  An orc (D)
  A bat skeleton (D)
  A giant cockroach (D)
  A quokka (D)
  A ball python (D)
  A kobold (D)
  A quokka zombie (D)
  A rat (D)
61 creatures vanquished.

Vanquished Creatures (collateral kills)
  A sea snake (D)
1 creature vanquished.

Grand Total: 62 creatures vanquished

Notes
Turn   | Place    | Note
-------+----------+-------------------------------------------
     0 | D        | Fang the Gargoyle Berserker began the quest for the Orb.
     0 | D        | Reached XP level 1. HP: 14/14 MP: 1/1
   121 | D        | Found a bloodstained altar of Trog.
   121 | D        | Found a deep blue altar of Sif Muna.
   121 | D        | Found a viscous altar of Jiyva.
   121 | D        | Found a hazy altar of Hepliaklqana.
   121 | D        | Found an opulent altar of Gozag.
   122 | D        | Found a glowing golden altar of the Shining One.
   122 | D        | Found a glowing silver altar of Zin.
   122 | D        | Found a basalt altar of Yredelemnul.
   122 | D        | Found a shimmering altar of Xom.
   122 | D        | Found a sacrificial altar of Ru.
   122 | D        | Found a stormy altar of Qazlal.
   122 | D        | Found an iron altar of Okawaru.
   122 | D        | Found a sparkling altar of Nemelex Xobeh.
   122 | D        | Found a burning altar of Makhleb.
   122 | D        | Found a blossoming altar of Fedhas.
   122 | D        | Found a white marble altar of Elyvilon.
   122 | D        | Found a shadowy altar of Dithmenos.
   122 | D        | Found a snail-covered altar of Cheibriados.
   125 | D        | Found a corrupted altar of Lugonu.
   125 | D        | Found a radiant altar of Vehumet.
   125 | D        | Found a roughly hewn altar of Beogh.
   177 | D        | Noticed a floating eye
   179 | D        | Paralysed by a floating eye for 2 turns
   182 | D        | Killed a floating eye
   182 | D        | Reached ** piety under Trog
   182 | D        | Reached skill level 5 in Axes
   182 | D        | Reached XP level 2. HP: 24/24 MP: 2/2
   182 | D        | Reached XP level 3. HP: 28/28 MP: 3/3
   182 | D        | Reached XP level 4. HP: 34/34 MP: 4/4
   216 | D        | Reached *** piety under Trog
   216 | D        | Reached XP level 5. HP: 38/38 MP: 5/5
   413 | D        | Noticed a wolf
   415 | D        | Killed a wolf
   415 | D        | Reached XP level 6. HP: 45/45 MP: 6/6
   416 | D        | Reached **** piety under Trog
   495 | D        | Noticed a molten gargoyle
   506 | D        | Killed a molten gargoyle
   506 | D        | Reached ***** piety under Trog
   506 | D        | Reached skill level 10 in Fighting
   506 | D        | Reached XP level 7. HP: 15/52 MP: 7/7
   740 | D        | Noticed Pikel
   749 | D        | Killed Pikel
   749 | D        | Reached skill level 10 in Axes
   749 | D        | Reached skill level 1 in Stealth
   749 | D        | Reached XP level 8. HP: 60/60 MP: 8/8
   911 | D        | Noticed a dream sheep
   911 | D        | Noticed a dream sheep
   911 | D        | Noticed a dream sheep
   911 | D        | Noticed a dream sheep
   922 | D        | Killed a dream sheep
   923 | D        | Killed a dream sheep
   923 | D        | Reached skill level 5 in Dodging
   926 | D        | Killed a dream sheep
   930 | D        | Killed a dream sheep
   930 | D        | Reached XP level 9. HP: 65/65 MP: 9/9
   931 | D        | Received a gift from Trog
  1081 | D        | Found a hide-covered altar of Uskayaw.
  1081 | D        | Found an ancient bone altar of Kikubaaqudgha.
  1081 | D        | Found a shattered altar of Ashenzari.
  1103 | D        | Noticed a jumping spider
  1127 | D        | Killed a jumping spider
  1305 | D        | Noticed a four-headed hydra
  1316 | D        | Killed an eight-headed hydra
  1316 | D        | Reached skill level 10 in Armour
  1321 | D        | Received a gift from Trog
  1324 | D        | Noticed Josephine
  1331 | D        | Reached XP level 10. HP: 51/73 MP: 10/10
  1348 | D        | Killed Josephine
  1348 | D        | Reached ****** piety under Trog
  1348 | D        | Received a gift from Trog
  1563 | D        | Noticed a deep elf mage
  1570 | D        | Killed a deep elf mage
  1576 | D        | Received a gift from Trog
  1627 | D        | Noticed a sea snake
  1649 | D        | Killed a sea snake
  1649 | D        | Received a gift from Trog
  1882 | D        | Noticed a molten gargoyle
  1887 | D        | Reached skill level 15 in Axes
  1888 | D        | Killed a molten gargoyle
  1965 | D        | Noticed a skeletal warrior
  1966 | D        | Noticed a skeletal warrior
  1967 | D        | Reached XP level 11. HP: 80/80 MP: 11/11
  1968 | D        | Noticed a skeletal warrior
  1971 | D        | Noticed an alligator snapping turtle
  1974 | D        | Killed a skeletal warrior
  1981 | D        | Received a gift from Trog
  1986 | D        | Received a gift from Trog
  1987 | D        | Killed a skeletal warrior
  1987 | D        | Reached skill level 15 in Fighting
  1988 | D        | Slain by an alligator snapping turtle

Skill      XL: |  1  2  3  4  5  6  7  8  9 10 11 |
---------------+----------------------------------+-----
Fighting       | 7 8 10 11 12 13 14 15 | 15.1
Axes           | 5 6 7 9 10 12 13 15 | 15.9
Armour         | 3 4 6 7 8 10 12 13 | 13.3
Dodging        | 2 3 4 5 6 |  6.4
Stealth        | 1 2 3 |  3.9

Action                   |  1- 3 |  4- 6 |  7- 9 | 10-12 || total
-------------------------+-------+-------+-------+-------++-------
Melee: Hand axe          |     8 |    33 |    56 |    24 ||   121
       War axe           |       |       |       |    33 ||    33
       Battleaxe         |       |       |       |    13 ||    13
Invok: Berserk           |     1 |     2 |     4 |     4 ||    11
       Brothers in Arms  |       |       |     1 |     1 ||     2
  Eat: Chunk             |       |     1 |     2 |     3 ||     6
       Bread ration      |       |       |     1 |       ||     1
       Fruit             |       |       |       |     3 ||     3
Armor: Animal skin       |     1 |     2 |       |       ||     3
       Chain mail        |       |     6 |    40 |    44 ||    90
Dodge: Dodged            |     3 |    18 |    19 |    59 ||    99
